 Dungeon Crawl Stone Soup version 0.28-a0-1616-g050a50673c (webtiles) character file.

Game seed: 6162624575886739138

42 mcsnuffy the Cutter (level 3, -8/27 HPs)
             Began as a Demonspawn Gladiator on Jan 22, 2022.
             Mangled by a kobold (22 damage)
             ... on level 2 of the Dungeon.
             The game lasted 00:04:07 (1383 turns).

mcsnuffy the Cutter (Demonspawn Gladiator)          Turns: 1383, Time: 00:04:07

Health: -8/27      AC:  8    Str: 16    XL:     3   Next: 33%
Magic:  3/3        EV: 11    Int:  9    God:
Gold:   51         SH:  0    Dex: 14    Spells: 2/2 levels left

rFire   . . .      SeeInvis .   a - +0 rapier
rCold   . . .      Faith    .   (no shield)
rNeg    . . .      Spirit   .   j - +0 ring mail
rPois   .          Reflect  .   e - +1 helmet
rElec   .          Harm     .   (no cloak)
rCorr   .          Rampage  .   (no gloves)
Will    .....                   i - +0 pair of boots
Stlth   +.........              (no amulet)
HPRegen 0.09/turn               (no ring)
MPRegen 0.08/turn               (no ring)

@: no status effects
A: ignite blood 2
a: no special abilities


You were on level 2 of the Dungeon.
You visited 1 branch of the dungeon, and saw 2 of its levels.

You collected 51 gold pieces.


Innate Abilities, Weirdness & Mutations

Your demonic aura often causes spilled blood to erupt in flames.


   Skills:
 + Level 2.2 Fighting
 + Level 3.9 Short Blades
 - Level 1.7 Throwing
 - Level 2.6 Dodging


You had 2 spell levels left.
You didn't know any spells.
Your spell library was empty.

Inventory:

Hand Weapons
 a - a +0 rapier (weapon)
Missiles
 d - 3 throwing nets (quivered) {=f}
Armour
 b - a +0 leather armour
 c - a +0 helmet
 e - a +1 helmet (worn)
 i - a +0 pair of boots (worn)
 j - a +0 ring mail (worn)
Jewellery
 F - a ring of fire
Scrolls
 h - a scroll of enchant armour {unknown}
 k - a scroll of identify {unknown}
Potions
 f - a potion of heal wounds {unknown}
 g - a potion of curing {unknown}

Dungeon Overview and Level Annotations

Branches:
Dungeon (2/15)

Altars:

...#
#####.#.###.#########.###.
#...
...>......................
####
###.................÷....^
###.#..#...########.###.
#.#..#...# #.# #.
####+#..#...########'###.
#.......#...##.........#.
#.....###....#.........#.
#.....KK@...†'.........#.
#....KK###...#.........#.
####.....#####.........#.
##'K'## ###########. #...#
.KK.. ....... #.K.....#
#.[.....#


You could see 4 kobolds.


Message History

k - a scroll labelled KECWA MAFO TACA You see here a worm corpse.
You open the door.
There is an open door here.
You open the door.
A frilled lizard comes into view.
The frilled lizard hisses angrily.
There is an open door here.
You hit the frilled lizard.
You kill the frilled lizard!
No target in view!
You see here a frilled lizard corpse.
As you open the gate, it creaks loudly! 5 kobolds come into view.
A kobold is wielding a +2 dagger of distortion.
The kobold shouts! x4
The kobold throws a stone.
The stone barely misses you.
A kobold comes into view. It is wielding a +0 short sword.
Found a robe and a scroll labelled VAHE PUUDIH.
You hit the kobold.
You kill the kobold!
You hit the kobold but do no damage.
The kobold hits you with a +2 dagger of distortion.
Space warps horribly around you!
The kobold shouts!
You hit the kobold but do no damage.
The kobold hits you with a +2 dagger of distortion.
Space warps horribly around you!!
Ouch! That really hurt!
You die...

Skill      XL: |  1 |
---------------+----+-----
Short Blades   | 3 |  3.9
Fighting       | |  2.2
Throwing       | |  1.7
Dodging        | |  2.6

Action                   || total
-------------------------++-------
Melee: Rapier            ||    98
Armor: Leather armour    ||    20
       Ring mail         ||     5
Dodge: Dodged            ||    55

Levels and vault maps discovered:
D:1:      dpeg_arrival_brainrot, layout_basic, minmay_hexomino_u4
D:2:      cheibrodos_fertilizer, layout_basic, minmay_misc_feat_pillars,
          serial_bayou_crossing

Notes
Turn   | Place    | Note
-------+----------+-------------------------------------------
     0 | D:1      | mcsnuffy the Demonspawn Gladiator began the quest for the
                  | Orb.
     0 | D:1      | Reached XP level 1. HP: 16/16 MP: 1/1
   119 | D:1      | Reached skill level 3 in Short Blades
   164 | D:1      | Gained mutation: Your demonic aura sometimes causes spilled
                  | blood to erupt in flames. [demonic ancestry]
   164 | D:1      | Reached XP level 2. HP: 12/22 MP: 2/2
   808 | D:2      | Gained mutation: Your demonic aura often causes spilled
                  | blood to erupt in flames. [demonic ancestry]
   808 | D:2      | Reached XP level 3. HP: 19/27 MP: 3/3
  1383 | D:2      | Mangled by a kobold

Vanquished Creatures
  2 worms
  A dart slug (D:1)
  4 ball pythons
  3 bats
  4 endoplasms
  A giant cockroach (D:1)
  6 hobgoblins
  5 kobolds
  A frilled lizard (D:2)
  2 goblins
  A rat (D:1)
30 creatures vanquished.

Vanquished Creatures (others)
  A plant (D:2)
  8 toadstools (D:2)
9 creatures vanquished.

Grand Total: 39 creatures vanquished

Table legend: (Time is in decaauts)
 A = Elapsed time spent in this place.
 B = Non-inter-level travel time spent in this place.
 C = Inter-level travel time spent in this place.
 D = Time resting spent in this place.
 E = Time spent auto-exploring this place.
 F = Levels seen in this place.
 G = Mean time per level.
                   A        B        C        D        E       F      G
               +--------+--------+--------+--------+--------+-----+--------+
         Total |   1393 |   1348 |     45 |      0 |   1089 |   2 |  696.5 |
       Dungeon |   1393 |   1348 |     45 |      0 |   1089 |   2 |  696.5 |
               +--------+--------+--------+--------+--------+-----+--------+

Top non-repeatable levels by time:
     D:1: 761 daAuts
     D:2: 632 daAuts

Table legend:
 A = Non-vault XP
 B = Vault XP
 C = Vault XP percentage of total XP
 D = Non-vault monster count
 E = Vault monster count
 F = Vault count percentage of total count
                 A         B        C        D         E       F
            +---------+---------+-------+---------+---------+-------
      Total |      45 |      15 |  25.0 |      24 |       6 |  20.0
            +---------+---------+-------+---------+---------+-------
        D:1 |      17 |      14 |  45.2 |      10 |       5 |  33.3
        D:2 |      28 |       1 |   3.4 |      14 |       1 |   6.7
            +---------+---------+-------+---------+---------+-------
